 Dungeon Crawl Stone Soup version 0.25.1-2-g60ff931df9 (webtiles) character file.

Game seed: 162094885139441555

42 H0rd4k the Magician (level 3, -2/19 HPs)
             Began as a Deep Elf Wizard on Oct 27, 2020.
             Slain by an iguana (11 damage)
             ... on level 4 of the Dungeon.
             The game lasted 00:02:24 (1664 turns).

H0rd4k the Magician (Deep Elf Wizard)               Turns: 1664, Time: 00:02:24

Health: -2/19      AC:  2    Str:  4    XL:     3   Next: 33%
Magic:  1/12       EV: 13    Int: 23    God:
Gold:   31         SH:  0    Dex: 13    Spells: 4/13 levels left

rFire    . . .     SeeInvis .   (no weapon)
rCold    + . .     Gourm    .   (no shield)
rNeg     . . .     Faith    .   a - +0 robe
rPois    .         Spirit   .   b - +0 hat
rElec    .         Reflect  .   (no cloak)
rCorr    .         Harm     .   (no gloves)
MR       .....                  (no boots)
Stlth    ++........             (no amulet)
HPRegen  0.06/turn              h - ring of protection from cold
MPRegen  0.13/turn              (no ring)

@: very slightly contaminated
A: no striking features
a: no special abilities


You were on level 4 of the Dungeon.
You were not hungry.

You visited 1 branch of the dungeon, and saw 4 of its levels.

You collected 31 gold pieces.

Inventory:

Armour
 a - a +0 robe (worn)
 b - a +0 hat (worn)
Jewellery
 h - a ring of protection from cold (left hand)
Scrolls
 c - a scroll of fog {unknown}
 e - 3 scrolls of identify {unknown}
 f - a scroll of enchant weapon {unknown}
 j - a scroll of teleportation {unknown}
Potions
 g - 2 potions of resistance {unknown}
 i - a potion of curing {unknown}
Comestibles
 d - 4 rations


   Skills:
 + Level 2.7 Dodging
 + Level 2.6 Stealth
 + Level 5.8 Spellcasting
 + Level 1.4 Conjurations
   Level 1.1 Summonings
 + Level 1.1 Translocations


You had 4 spell levels left.
You knew the following spells:

 Your Spells              Type           Power        Failure   Level  Hunger
a - Magic Dart            Conj           ##..         4%          1    None
b - Blink                 Tloc           N/A          9%          2    None
c - Conjure Flame         Conj/Fire      ##......     19%         3    #......
d - Mephitic Cloud        Conj/Pois/Air  #.......     22%         3    #......

Your spell library contained the following spells:

 Spells                   Type           Power        Failure   Level  Hunger
 Call Imp                 Summ           ##......     9%          2    None
 Slow                     Hex            #.......     13%         2    None


Dungeon Overview and Level Annotations

Branches:
Dungeon (3/15)

Altars:

Annotations:
D:3 exclusion: upstairs
D:4 1 runed translucent door


Message History

The iguana is moderately wounded.
Casting: Magic Dart (safe; 4% risk of failure)
Confirm with . or Enter, or press ? or * to list all spells.
You blink.
You aren't carrying any items that you can evoke.
Unknown command.
A worm comes into view.
Casting: Blink (safe; 9% risk of failure)
Confirm with . or Enter, or press ? or * to list all spells.
You miscast Blink.
You are very lightly contaminated with residual magic.
Nothing appears to happen.
The iguana bites you but does no damage.
Unknown command.
Casting: Blink (safe; 9% risk of failure)
Confirm with . or Enter, or press ? or * to list all spells.
You don't have enough magic to cast that spell.
The iguana bites you!
Ouch! That really hurt!
You die...

.......###### #####.........###
#...........#####.............#
#..)...............l.........##
#................#####...##..##
#...........#...## #..####..#
##..###....###...# ##... ##..
#...# ###### ##..# ###.# ##.
#..## #..# SS+.# ## #..## #@l#
##.# # ##..# #w.# #...# #..#
##...# #..# #...# #..# #....
##.. ....# #.. # ...# ##.. #.
..## #. #..


You could see a worm and an iguana.

Vanquished Creatures
  An ooze (D:1)
  A worm (D:2)
  A leopard gecko (D:1)
  4 bats
  7 goblins
  7 hobgoblins
  A kobold (D:1)
  4 frilled lizards
  A quokka skeleton (D:4)
  6 rats
33 creatures vanquished.

Notes
Turn   | Place    | Note
-------+----------+-------------------------------------------
     0 | D:1      | H0rd4k the Deep Elf Wizard began the quest for the Orb.
     0 | D:1      | Reached XP level 1. HP: 10/10 MP: 7/7
   178 | D:1      | Reached skill level 5 in Spellcasting
   184 | D:1      | Reached XP level 2. HP: 15/15 MP: 6/10
   860 | D:2      | Reached XP level 3. HP: 5/19 MP: 2/12
   864 | D:2      | Learned a level 2 spell: Blink
   868 | D:2      | Learned a level 3 spell: Conjure Flame
   872 | D:2      | Learned a level 3 spell: Mephitic Cloud
  1526 | D:2      | Noticed a sky beast
  1555 | D:3      | You fall into a shaft and drop 1 floor!
  1609 | D:4      | Found a runed translucent door.
  1664 | D:4      | Slain by an iguana

Illustrated notes

Levels and vault maps discovered:
D:1:      dpeg_arrival_fog, layout_rooms
D:2:      layout_rooms, eat_drink_and_be_merry_uskayaw, minmay_misc_feat_plants
D:3:      layout_loops_ring, first_ration, cheibrodos_sewer_entry_drain
D:4:      layout_layer_cave, ebering_ghost_sewer_d

Skill      XL: |  1 |
---------------+----+-----
Spellcasting   | 5 |  5.8
Dodging        | |  2.7
Stealth        | |  2.6
Conjurations   | |  1.4
Summonings     | |  1.1
Translocations | |  1.1

Action                   || total
-------------------------++-------
 Cast: Magic Dart        ||    90
       Blink             ||     2
  Eat: Chunk             ||     2
Armor: Robe              ||     2
Dodge: Dodged            ||    13
